 Dungeon Crawl Stone Soup version 0.28.0-49-g6dfe1f597d (webtiles) character file.

Game seed: 6866650888643831206

6 Gabide the Skirmisher (level 1, -2/18 HPs)
             Began as a Mummy Berserker on May 15, 2022.
             Was a Follower of Trog.
             Slain by a kobold
             ... wielding a +1 short sword of draining
              (6 damage)
             ... on level 1 of the Dungeon.
             The game lasted 00:01:03 (186 turns).

Gabide the Skirmisher (Mummy Berserker)              Turns: 186, Time: 00:01:03

Health: -2/18      AC:  2    Str: 20    XL:     1   Next: 75%
Magic:  1/1        EV: 12    Int:  6    God:    Trog [*.....]
Gold:   15         SH:  0    Dex: 11    Spells: 0/0 levels left

rFire   x . .      SeeInvis .   a - +0 spear
rCold   + . .      Faith    .   (no shield)
rNeg    + + +      Spirit   .   b - +0 animal skin
rPois   ∞          Reflect  .   (no helmet)
rElec   .          Harm     .   (no cloak)
rCorr   .          Rampage  .   (no gloves)
Will    .....                   (no boots)
Stlth   +.........              (no amulet)
HPRegen 0.06/turn               (no ring)
MPRegen 0.07/turn               (no ring)

@: no status effects
A: cold resistance 1, negative energy resistance 3, torment resistance 2, heat
vulnerability 1, no potions
a: Renounce Religion


You were on level 1 of the Dungeon.
You worshipped Trog.
Trog was aware of your devotion.
You visited 1 branch of the dungeon, and saw 1 of its levels.

You collected 15 gold pieces.

Inventory:

Hand Weapons
 a - a +0 spear (weapon)
Armour
 b - a +0 animal skin (worn)
Scrolls
 c - a scroll of identify {unknown}


   Skills:
 - Level 3.0 Fighting
 + Level 2.8 Polearms
 - Level 1.5 Armour
 - Level 1.5 Dodging


You couldn't memorise any spells.
You didn't know any spells.
Your spell library was empty.

Dungeon Overview and Level Annotations

Branches:
Dungeon (1/15)

Altars:


Innate Abilities, Weirdness & Mutations

You are immune to poison.
Your flesh is cold resistant. (rC+)
You are immune to negative energy. (rN+++)
You are immune to unholy pain and torment.
You are vulnerable to heat. (rF-)
You do not drink.


Message History

The goblin hits you with a +0 club.
You barely miss the goblin.
The goblin is severely wounded.
The goblin closely misses you.
You completely miss the goblin.
The goblin is severely wounded.
The goblin hits you but does no damage.
You closely miss the goblin.
The goblin is severely wounded.
The goblin hits you with a +0 club.
You are too injured to fight recklessly!
You are too injured to fight recklessly!
You are too injured to fight recklessly!
You are too injured to fight recklessly!
You are too injured to fight recklessly!
You are too injured to fight recklessly!
You are too injured to fight recklessly!
You are too injured to fight recklessly!
You are too injured to fight recklessly!
You are too injured to fight recklessly!
You are too injured to fight recklessly!
You are too injured to fight recklessly!
You are too injured to fight recklessly!
You closely miss the goblin.
The goblin is severely wounded.
The goblin closely misses you.
You closely miss the goblin.
The goblin is severely wounded.
The goblin misses you.
You miss the goblin.
The goblin is severely wounded.
The goblin closely misses you.
You hit the goblin.
You kill the goblin!
Trog accepts your kill.
The kobold hits you with a +1 short sword of draining.
* * * LOW HITPOINT WARNING * * *
You completely miss the kobold.
The kobold hits you with a +1 short sword of draining.
You die...

.............
#####.####### ..
......######## #.
.##..###.....# #.# #
...†.###.....# .. .#
##...........## #.## ..
#.#..........## ..##.#
..>............###>...##..
...#............@K)†....#
#.##.............##..##...
#....###.........# ....#
#.#..........##### #......
#.####.....# ..#.#. #.#
##..### . #.. ..
###.######.# .. #.# #
.........#.####... ..
#..#####........#.


You could see a kobold.

Vanquished Creatures
  2 ball pythons (D:1)
  A goblin (D:1)
  A quokka (D:1)
  A bat (D:1)
  A kobold (D:1)
6 creatures vanquished.

Notes
Turn   | Place    | Note
-------+----------+-------------------------------------------
     0 | D:1      | Gabide the Mummy Berserker began the quest for the Orb.
     0 | D:1      | Reached XP level 1. HP: 18/18 MP: 1/1
   186 | D:1      | Slain by a kobold

Illustrated notes

Levels and vault maps discovered:
D:1:      psy_arrival_conway, layout_rooms, serial_shops,
          nicolae_shop_temple_entry_statues_fountains, hex_large

Action                   || total
-------------------------++-------
Melee: Spear             ||    18
 Stab: Sleeping          ||     1
Armor: Animal skin       ||     2
Dodge: Dodged            ||    11
